 Dungeon Crawl Stone Soup version 0.30-a0-374-g95c0257040 (webtiles) character file.

Game seed: 5768077088416539851

84 pokeman the Magician (level 4, -1/25 HPs)
             Began as a Deep Elf Hedge Wizard on Nov 25, 2022.
             Slain by Grinder (9 damage)
             ... on level 3 of the Dungeon.
             The game lasted 00:02:59 (2132 turns).

pokeman the Magician (Deep Elf Hedge Wizard)        Turns: 2132, Time: 00:02:59

Health: -1/25      AC:  2    Str:  7    XL:     4   Next: 23%
Magic:  6/13       EV: 12    Int: 21    God:
Gold:   84         SH:  5    Dex: 14    Spells: 2/14 levels left

rFire   . . .      SeeInvis .    a - +0 dagger
rCold   . . .      Faith    .    (no shield)
rNeg    . . .      Spirit   .    b - +0 robe
rPois   .          Reflect  +    c - +0 hat
rElec   .          Harm     .    (no cloak)
rCorr   +          Rampage  .    (no gloves)
Will    .....                    (no boots)
Stlth   ++........               r - amulet of reflection
HPRegen 0.24/turn                q - ring of resist corrosion
MPRegen 0.13/turn                (no ring)

@: no status effects
A: no striking features
a: no special abilities


You were on level 3 of the Dungeon.
You visited 1 branch of the dungeon, and saw 3 of its levels.

You collected 84 gold pieces.

Inventory:

Hand Weapons
 a - a +0 dagger (weapon)
Armour
 b - a +0 robe (worn)
 c - a +0 hat (worn)
Jewellery
 q - a ring of resist corrosion (left hand)
 r - an amulet of reflection (around neck)
Scrolls
 e - a scroll of magic mapping {unknown}
 h - 3 scrolls of identify {unknown}
 j - a scroll of fear {unknown}
 k - a scroll of vulnerability {unknown}
 m - 4 scrolls of teleportation {unknown}
 o - a scroll of blinking {unknown}
 s - a scroll of amnesia {unknown}
Potions
 d - a potion of magic
 f - a potion of invisibility {unknown}
 g - a potion of might {unknown}
 i - 2 potions of haste {unknown}
 l - a potion of degeneration {unknown}
 n - a potion of brilliance {unknown}
 p - a potion of lignification {unknown}


   Skills:
 + Level 1.2 Fighting
 + Level 1.2 Armour
 - Level 2.4 Dodging
 - Level 2.4 Stealth
 * Level 5.6 Spellcasting
 + Level 2.1 Conjurations
 - Level 1.1 Summonings
 - Level 1.1 Translocations


You had 2 spell levels left.
You knew the following spells:

 Your Spells              Type           Power      Damage    Failure   Level
a - Magic Dart            Conj           56%        1d5       4%          1
b - Mephitic Cloud        Conj/Pois/Air  8%         N/A       22%         3
c - Call Imp              Summ           10%        N/A       10%         2
d - Blink                 Tloc           20%        N/A       10%         2
e - Shock                 Conj/Air       40%        1d5       7%          1
f - Swiftness             Air            5%         N/A       30%         3

Your spell library contained the following spells:

 Spells                   Type           Power      Damage    Failure   Level
 Slow                     Hex            20%        N/A       11%         1
 Cigotuvi's Dreadful Rot  Necr/Pois/Air  10%        N/A       16%         2
 Vhi's Electric Charge    Tloc/Air       16%        N/A       24%         3
 Ozocubu's Armour         Ice            5%         N/A       30%         3
 Airstrike                Air            2%         2d(1-17)  71%         4
 Arcjolt                  Conj/Air       5%         1d15      88%         5
 Metabolic Englaciation   Hex/Ice        2%         N/A       96%         5
 Simulacrum               Ice/Necr       2%         N/A       100%        6
 Maxwell's Capacitive Co  Air            2%         ∞         100%        8


Dungeon Overview and Level Annotations

Branches:
Dungeon (3/15)

Altars:
The Shining One

Annotations:
D:3 Grinder


Message History

Grinder says, "Tell me all your secrets, or I'll kill you."
Unknown command.
Casting: Shock (safe; 7% risk of failure)
Confirm with . or Enter, or press ? or * to list all spells.
Aiming: Shock (safe; 7% risk of failure)
Press: ? - help, Shift-Dir - straight line, f/p - Grinder
Aim: Grinder (lightly wounded, 64% to hit)
The zap hits Grinder.
Grinder is moderately wounded.
The zap hits Grinder.
Grinder is moderately wounded.
Grinder gestures at you. Pain shoots through your body!
* * * LOW HITPOINT WARNING * * *
Casting: Shock (safe; 7% risk of failure)
Confirm with . or Enter, or press ? or * to list all spells.
Aiming: Shock (safe; 7% risk of failure)
Press: ? - help, Shift-Dir - straight line, f/p - Grinder
Aim: Grinder (moderately wounded, 64% to hit)
The zap misses Grinder.
The zap hits Grinder.
Grinder is moderately wounded.
Casting: Shock (safe; 7% risk of failure)
Confirm with . or Enter, or press ? or * to list all spells.
Aiming: Shock (safe; 7% risk of failure)
Press: ? - help, Shift-Dir - straight line, f/p - Grinder
Aim: Grinder (moderately wounded, 64% to hit)
The zap hits Grinder.
Grinder is heavily wounded.
The zap misses Grinder.
You block Grinder's attack.
Casting: Shock (safe; 7% risk of failure)
Confirm with . or Enter, or press ? or * to list all spells.
Aiming: Shock (safe; 7% risk of failure)
Press: ? - help, Shift-Dir - straight line, f/p - Grinder
Aim: Grinder (heavily wounded, 64% to hit)
The zap hits Grinder.
Grinder is heavily wounded.
The zap hits Grinder.
Grinder is severely wounded.
Grinder hits you!
You die...

###...[.#.# #.......#.#
#.........#####
#.............# ####
#(......##.###### #..#
.............# #.##
##............# #.#
##..#######5.# #.# #..
######@.# #.# #. #.......#
#.# #...)...# #.# #..####.#
#.# #. #..#....## ####.#
#...##..#._...## #....#
#......#......####.####
#...........#...##.########
####.#.###....#............


You could see Grinder.

Vanquished Creatures
  A jelly (D:2)
  An adder (D:3)
  A worm (D:2)
  2 dart slugs
  4 bats
  2 endoplasms
  4 goblins
  A hobgoblin (D:1)
  6 kobolds
  3 quokkas (D:1)
  2 ball pythons (D:1)
  2 frilled lizards
  4 rats
33 creatures vanquished.

Vanquished Creatures (collateral kills)
  A worm (D:3)
1 creature vanquished.

Grand Total: 34 creatures vanquished

Notes
Turn   | Place    | Note
-------+----------+-------------------------------------------
     0 | D:1      | pokeman the Deep Elf Hedge Wizard began the quest for the
                  | Orb.
     0 | D:1      | Reached XP level 1. HP: 10/10 MP: 7/7
   368 | D:1      | Reached XP level 2. HP: 15/15 MP: 5/9
   602 | D:1      | Found a faded altar of an unknown god.
  1134 | D:2      | Reached skill level 5 in Spellcasting
  1373 | D:2      | Reached skill level 1 in Fighting
  1373 | D:2      | Reached skill level 1 in Armour
  1373 | D:2      | Reached XP level 3. HP: 20/20 MP: 2/11
  1377 | D:2      | Learned a level 3 spell: Mephitic Cloud
  1380 | D:2      | Learned a level 2 spell: Call Imp
  1383 | D:2      | Learned a level 2 spell: Blink
  1385 | D:2      | Learned a level 1 spell: Shock
  1389 | D:2      | Learned a level 3 spell: Swiftness
  1742 | D:3      | Reached XP level 4. HP: 25/25 MP: 3/13
  2015 | D:3      | Found a glowing golden altar of the Shining One.
  2100 | D:3      | Noticed Grinder
  2100 | D:3      | Paralysed by Grinder for 4 turns
  2123 | D:3      | Paralysed by Grinder for 4 turns
  2132 | D:3      | Slain by Grinder

Illustrated notes

Levels and vault maps discovered:
D:1:      nicolae_arrival_washed_ashore, layout_basic,
          ebering_ecumenical_altar_abandoned, minmay_pentomino_p4
D:2:      layout_rooms
D:3:      layout_loops_ring, mainiacjoe_overflow_chevrons,
          gammafunk_ghost_necromancy, uniq_grinder, uniq_terence, uniq_natasha

Skill      XL: |  1  2 |
---------------+-------+-----
Spellcasting   | 5 |  5.6
Fighting       | 1 |  1.2
Armour         | 1 |  1.2
Conjurations   | 2 |  2.1
Dodging        | |  2.4
Stealth        | |  2.4
Summonings     | |  1.1
Translocations | |  1.1

Action                   |  1- 3 |  4- 6 || total
-------------------------+-------+-------++-------
Melee: Dagger            |     1 |       ||     1
 Cast: Magic Dart        |    68 |       ||    68
       Shock             |    13 |    18 ||    31
       Mephitic Cloud    |     1 |       ||     1
Armor: Robe              |     2 |       ||     2
Dodge: Dodged            |     9 |     1 ||    10
Block: Other             |       |     2 ||     2
       Reflection        |       |     1 ||     1

Table legend: (Time is in decaauts)
 A = Elapsed time spent in this place.
 B = Non-inter-level travel time spent in this place.
 C = Inter-level travel time spent in this place.
 D = Time resting spent in this place.
 E = Time spent auto-exploring this place.
 F = Levels seen in this place.
 G = Mean time per level.
                   A        B        C        D        E       F      G
               +--------+--------+--------+--------+--------+-----+--------+
         Total |   2131 |   2087 |     44 |      2 |   1848 |   3 |  710.3 |
       Dungeon |   2131 |   2087 |     44 |      2 |   1848 |   3 |  710.3 |
               +--------+--------+--------+--------+--------+-----+--------+

Top non-repeatable levels by time:
     D:1: 1130 daAuts
     D:2: 601 daAuts
     D:3: 399 daAuts
